| TOP OF THE 1ST |
|
Florida State University Seminoles batting - Pitching for University of Conneticut Huskies : RHP Jose Rios
|
|
Pitching: RHP Jose Rios
|
|
|
Batting: RHB Ray Johnson
|
0-0: Ball 1-0: Ball 2-0: SINGLE (Line Drive, 9LS, EV 103.1 MPH)
|
|
Batting: LHB Ethan Ware
|
0-0: Ball Ray Johnson steals 2nd base 1-0: Ball 2-0: Ball 3-0: Base on Balls
|
|
Batting: RHB Juan Nieves
|
0-0: Foul Ball, location: 2F 0-1: Ball 1-1: Swinging Strike 1-2: Strikes out swinging
|
|
Batting: SHB Sammar Wambugu
|
0-0: Ball 1-0: Ball 2-0: Ball 3-0: Called Strike 3-1: Foul Ball, location: 2F 3-2: Foul Ball, location: 2F 3-2: Base on Balls Ray Johnson to third Ethan Ware to second
|
|
Batting: RHB Tony Valdez
|
0-0: Ball 1-0: Grounds into double play, 5-4-3 (Groundball, 5, EV 81.2 MPH)
|
| Top of the 1st over - 0 runs, 1 hit, 0 errors, 2 left on base; Florida State University 0 - University of Conneticut 0 |
| BOTTOM OF THE 1ST |
|
University of Conneticut Huskies batting - Pitching for Florida State University Seminoles : RHP Greg Wilkinson
|
|
Pitching: RHP Greg Wilkinson
|
|
|
Batting: RHB Victor Nava
|
0-0: Swinging Strike 0-1: Swinging Strike 0-2: Ball 1-2: Foul Ball, location: 2F 1-2: Ground out 5-3 (Groundball, 56S, EV 85.6 MPH)
|
|
Batting: RHB Kyle Finney
|
0-0: Called Strike 0-1: Fly out, F4 (Popup, 4, EV 63.1 MPH)
|
|
Batting: LHB Greg James
|
0-0: Foul Ball, location: 2F 0-1: Ball 1-1: Ground out 1-3 (Groundball, 13S, EV 75.0 MPH)
|
| Bottom of the 1st over - 0 runs, 0 hits, 0 errors, 0 left on base; Florida State University 0 - University of Conneticut 0 |
| TOP OF THE 2ND |
|
Florida State University Seminoles batting - Pitching for University of Conneticut Huskies : RHP Jose Rios
|
|
Batting: SHB Jason Farr
|
0-0: Called Strike 0-1: Swinging Strike 0-2: Ground out 4-3 (Groundball, 4, EV 94.4 MPH)
|
|
Batting: LHB Simon Barry
|
0-0: Called Strike 0-1: Foul Ball, location: 2F 0-2: Strikes out swinging
|
|
Batting: RHB Ruben Moreno
|
0-0: Ball 1-0: Ball 2-0: Ball 3-0: Called Strike 3-1: Ground out 4-3 (Groundball, 34, EV 105.6 MPH)
|
| Top of the 2nd over - 0 runs, 0 hits, 0 errors, 0 left on base; Florida State University 0 - University of Conneticut 0 |
| BOTTOM OF THE 2ND |
|
University of Conneticut Huskies batting - Pitching for Florida State University Seminoles : RHP Greg Wilkinson
|
|
Batting: LHB Hector Acosta
|
0-0: Ball 1-0: Ball 2-0: Foul Ball, location: 2F 2-1: Foul Ball, location: 2F 2-2: Ball 3-2: Fly out, F8 (Flyball, 89M, EV 84.4 MPH)
|
|
Batting: LHB Omar Alba
|
0-0: Swinging Strike 0-1: Foul Ball, location: 2F 0-2: Ball 1-2: Strikes out swinging
|
|
Batting: RHB Jordan Nicholas
|
0-0: Called Strike 0-1: Foul Ball, location: 2F 0-2: Ball 1-2: Ground out U3 (Groundball, 3L, EV 86.9 MPH)
|
| Bottom of the 2nd over - 0 runs, 0 hits, 0 errors, 0 left on base; Florida State University 0 - University of Conneticut 0 |
| TOP OF THE 3RD |
|
Florida State University Seminoles batting - Pitching for University of Conneticut Huskies : RHP Jose Rios
|
|
Batting: RHB Terry Cisneros
|
0-0: Called Strike 0-1: Ball 1-1: Ball 2-1: Called Strike 2-2: DOUBLE (Groundball, 5L, EV 103.1 MPH)
|
|
Batting: RHB Ray Johnson
|
0-0: Foul Ball, location: 2F 0-1: Foul Ball, location: 2F 0-2: Ball 1-2: Ball 2-2: Fly out, F8 (Flyball, 78M, EV 92.5 MPH)
|
|
Batting: LHB Ethan Ware
|
0-0: Called Strike 0-1: DOUBLE (Line Drive, 9LM, EV 104.4 MPH) Terry Cisneros scores
|
|
Batting: RHB Juan Nieves
|
0-0: Ball 1-0: Ball 2-0: Ball 3-0: Base on Balls
|
|
Batting: SHB Sammar Wambugu
|
0-0: Fielders Choice at 2nd, 5-4 (Groundball, 56, EV 83.1 MPH) Ethan Ware to third
|
|
Batting: RHB Tony Valdez
|
0-0: Ball 1-0: Ball 2-0: Ball 3-0: Called Strike 3-1: Ground out 4-3 (Groundball, 4, EV 88.1 MPH)
|
| Top of the 3rd over - 1 run, 2 hits, 0 errors, 2 left on base; Florida State University 1 - University of Conneticut 0 |
| BOTTOM OF THE 3RD |
|
University of Conneticut Huskies batting - Pitching for Florida State University Seminoles : RHP Greg Wilkinson
|
|
Batting: RHB Cullen Elliott
|
0-0: Ball 1-0: Called Strike 1-1: Called Strike 1-2: Ball 2-2: Ball 3-2: Base on Balls
|
|
Batting: RHB Lee Wilbur
|
0-0: Ball 1-0: Ball 2-0: Called Strike 2-1: Foul Ball, location: 2F 2-2: Foul Ball, location: 5F, Error on foul ball, E5 2-2: Ball 3-2: Strikes out swinging Cullen Elliott is caught stealing 2nd base 2-4 Batter strikes out.
|
|
Batting: SHB Ismael Vega
|
0-0: Called Strike 0-1: Ball 1-1: Foul Ball, location: 2F 1-2: Foul Ball, location: 2F 1-2: Foul Ball, location: 2F 1-2: Ball 2-2: SOLO HOME RUN (Line Drive, 9LD, EV 97.5 MPH), Distance : 381 ft
|
|
Batting: RHB Victor Nava
|
0-0: Ball 1-0: Ball 2-0: Called Strike 2-1: Ball 3-1: Base on Balls
|
|
Batting: RHB Kyle Finney
|
0-0: Called Strike 0-1: Ball Victor Nava is caught stealing 2nd base 2-4
|
| Bottom of the 3rd over - 1 run, 1 hit, 1 error, 0 left on base; Florida State University 1 - University of Conneticut 1 |
| TOP OF THE 4TH |
|
Florida State University Seminoles batting - Pitching for University of Conneticut Huskies : RHP Jose Rios
|
|
Batting: SHB Jason Farr
|
0-0: Ball 1-0: Called Strike 1-1: Ground out U3 (Groundball, 34, EV 105.6 MPH)
|
|
Batting: LHB Simon Barry
|
0-0: Ball 1-0: Ball 2-0: Called Strike 2-1: Foul Ball, location: 2F 2-2: DOUBLE (Line Drive, 7LM, EV 103.1 MPH)
|
|
Batting: RHB Ruben Moreno
|
0-0: Foul Ball, location: 2F 0-1: Foul Ball, location: 2F 0-2: Strikes out swinging
|
|
Batting: RHB Terry Cisneros
|
0-0: Ball 1-0: Fly out, F8 (Flyball, 8RM, EV 88.8 MPH)
|
| Top of the 4th over - 0 runs, 1 hit, 0 errors, 1 left on base; Florida State University 1 - University of Conneticut 1 |
| BOTTOM OF THE 4TH |
|
University of Conneticut Huskies batting - Pitching for Florida State University Seminoles : RHP Greg Wilkinson
|
|
Batting: RHB Kyle Finney
|
0-0: SINGLE (Groundball, 4MS, EV 70.0 MPH) (infield hit)
|
|
Batting: LHB Greg James
|
0-0: Ball 1-0: Ball 2-0: Fielders Choice at 2nd, 6-4 (Groundball, 6, EV 98.1 MPH)
|
|
Batting: LHB Hector Acosta
|
0-0: Grounds into double play, 4-6-3 (Groundball, 4, EV 82.5 MPH)
|
| Bottom of the 4th over - 0 runs, 1 hit, 0 errors, 0 left on base; Florida State University 1 - University of Conneticut 1 |
| TOP OF THE 5TH |
|
Florida State University Seminoles batting - Pitching for University of Conneticut Huskies : RHP Jose Rios
|
|
Batting: RHB Ray Johnson
|
0-0: Swinging Strike 0-1: Ball 1-1: Called Strike 1-2: Ball 2-2: Ball 3-2: Fly out, F8 (Line Drive, 8LM, EV 93.8 MPH)
|
|
Batting: LHB Ethan Ware
|
0-0: Called Strike 0-1: Fly out, F8 (Flyball, 8LM, EV 91.9 MPH)
|
|
Batting: RHB Juan Nieves
|
0-0: Foul Ball, location: 2F 0-1: Called Strike 0-2: Foul Ball, location: 2F 0-2: Strikes out swinging
|
| Top of the 5th over - 0 runs, 0 hits, 0 errors, 0 left on base; Florida State University 1 - University of Conneticut 1 |
| BOTTOM OF THE 5TH |
|
University of Conneticut Huskies batting - Pitching for Florida State University Seminoles : RHP Greg Wilkinson
|
|
Batting: LHB Omar Alba
|
0-0: Ball 1-0: Foul Ball, location: 2F 1-1: Ball 2-1: Called Strike 2-2: Fly out, F8 (Flyball, 8RXD, EV 84.4 MPH)
|
|
Batting: RHB Jordan Nicholas
|
0-0: Ground out 4-3 (Groundball, 34, EV 78.8 MPH)
|
|
Batting: RHB Cullen Elliott
|
0-0: Called Strike 0-1: Fly out, F8 (Flyball, 89M, EV 83.8 MPH)
|
| Bottom of the 5th over - 0 runs, 0 hits, 0 errors, 0 left on base; Florida State University 1 - University of Conneticut 1 |
| TOP OF THE 6TH |
|
Florida State University Seminoles batting - Pitching for University of Conneticut Huskies : RHP Jose Rios
|
|
Batting: SHB Sammar Wambugu
|
0-0: Foul Ball, location: 2F 0-1: Fly out, F5 (Popup, 5S, EV 85.0 MPH)
|
|
Batting: RHB Tony Valdez
|
0-0: Ball 1-0: Ball 2-0: Called Strike 2-1: Ball 3-1: Foul Ball, location: 2F 3-2: Ground out U3 (Groundball, 34, EV 83.8 MPH)
|
|
Batting: SHB Jason Farr
|
0-0: Ground out 6-3 (Groundball, 6M, EV 91.9 MPH)
|
| Top of the 6th over - 0 runs, 0 hits, 0 errors, 0 left on base; Florida State University 1 - University of Conneticut 1 |
| BOTTOM OF THE 6TH |
|
University of Conneticut Huskies batting - Pitching for Florida State University Seminoles : RHP Greg Wilkinson
|
|
Batting: RHB Lee Wilbur
|
0-0: Called Strike 0-1: Called Strike 0-2: SINGLE (Line Drive, 5D, EV 96.2 MPH)
|
|
Batting: SHB Ismael Vega
|
0-0: Fly out, F7 (Line Drive, 7LM, EV 90.0 MPH)
|
|
Batting: RHB Victor Nava
|
0-0: Foul Ball, location: 2F 0-1: Called Strike 0-2: Ball 1-2: Ball Wild Pitch! Lee Wilbur to second 2-2: Foul Ball, location: 2F 2-2: Ball 3-2: Strikes out swinging
|
|
Pitching: RHP Danny Weiss
|
|
|
Batting: RHB Kyle Finney
|
0-0: Foul Ball, location: 2F 0-1: Called Strike 0-2: Strikes out looking
|
| Bottom of the 6th over - 0 runs, 1 hit, 0 errors, 1 left on base; Florida State University 1 - University of Conneticut 1 |
| TOP OF THE 7TH |
|
Florida State University Seminoles batting - Pitching for University of Conneticut Huskies : RHP Jose Rios
|
|
Batting: LHB Simon Barry
|
0-0: Ball 1-0: Ball 2-0: Called Strike 2-1: Called Strike 2-2: Foul Ball, location: 2F 2-2: Ball 3-2: Strikes out looking
|
|
Batting: RHB Ruben Moreno
|
0-0: Ball 1-0: Swinging Strike 1-1: Foul Ball, location: 2F 1-2: Foul Ball, location: 2F 1-2: Strikes out swinging
|
|
Batting: RHB Terry Cisneros
|
0-0: SINGLE (Line Drive, 34D, EV 99.4 MPH)
|
|
Batting: RHB Ray Johnson
|
0-0: Ball 1-0: Called Strike 1-1: Called Strike 1-2: Strikes out swinging
|
| Top of the 7th over - 0 runs, 1 hit, 0 errors, 1 left on base; Florida State University 1 - University of Conneticut 1 |
| BOTTOM OF THE 7TH |
|
University of Conneticut Huskies batting - Pitching for Florida State University Seminoles : RHP Danny Weiss
|
|
Batting: LHB Greg James
|
0-0: Foul Ball, location: 2F 0-1: Ball 1-1: Ball 2-1: Ground out 5-3 (Groundball, 56, EV 85.6 MPH)
|
|
Batting: LHB Hector Acosta
|
0-0: Ball 1-0: Called Strike 1-1: Fly out, F8 (Flyball, 8RS, EV 88.1 MPH)
|
|
Batting: LHB Omar Alba
|
0-0: Ground out 3-1 (Groundball, 34, EV 87.5 MPH)
|
| Bottom of the 7th over - 0 runs, 0 hits, 0 errors, 0 left on base; Florida State University 1 - University of Conneticut 1 |
| TOP OF THE 8TH |
|
Florida State University Seminoles batting - Pitching for University of Conneticut Huskies : RHP Jose Rios
|
|
Pinch Hitting: LHB John Doiron
|
0-0: Swinging Strike 0-1: Foul Ball, location: 2F 0-2: Ball 1-2: Strikes out swinging
|
|
Batting: RHB Juan Nieves
|
0-0: Ball 1-0: Ball 2-0: Swinging Strike 2-1: Foul Ball, location: 2F 2-2: DOUBLE (Flyball, 8LXD, EV 104.4 MPH)
|
|
Pinch Hitting: RHB George Smienk
|
0-0: Intentional Walk
|
|
Pinch Hitting: RHB Jonathan Bruni
|
0-0: Grounds into double play, 6-4-3 (Groundball, 6, EV 96.2 MPH)
|
| Top of the 8th over - 0 runs, 1 hit, 0 errors, 1 left on base; Florida State University 1 - University of Conneticut 1 |
| BOTTOM OF THE 8TH |
|
University of Conneticut Huskies batting - Pitching for Florida State University Seminoles : RHP Danny Weiss
|
|
Now at C: Hastings Miller
|
|
|
Now at SS: J.R. Harvey
|
|
|
Now in CF: Brian Clayton
|
|
|
Batting: RHB Jordan Nicholas
|
0-0: Swinging Strike 0-1: Ground out 5-3 (Groundball, 5, EV 104.4 MPH)
|
|
Batting: RHB Cullen Elliott
|
0-0: Called Strike 0-1: Ball 1-1: Called Strike 1-2: Ball 2-2: Foul Ball, location: 2F 2-2: Ball 3-2: Fly out, F9 (Line Drive, 9, EV 96.9 MPH)
|
|
Batting: RHB Lee Wilbur
|
0-0: Called Strike 0-1: Ball 1-1: Called Strike 1-2: Foul Ball, location: 2F 1-2: Strikes out looking
|
| Bottom of the 8th over - 0 runs, 0 hits, 0 errors, 0 left on base; Florida State University 1 - University of Conneticut 1 |
| TOP OF THE 9TH |
|
Florida State University Seminoles batting - Pitching for University of Conneticut Huskies : RHP Jose Rios
|
|
Pinch Hitting: LHB Matt Stewart
|
0-0: Called Strike 0-1: Ball 1-1: Ball 2-1: Ball 3-1: Base on Balls
|
|
Pinch Hitting: LHB Jeff Shields
|
0-0: Called Strike Matt Stewart steals 2nd base 0-1: Ball 1-1: Intentional Walk
|
|
Pinch Hitting: SHB John Welsh
|
0-0: Called Strike 0-1: Fly out, F8 (Flyball, 8LM, EV 79.4 MPH)
|
|
Batting: RHB Bart Hall
|
0-0: Ball 1-0: Ball 2-0: Ball 3-0: Called Strike 3-1: Foul Ball, location: 2F 3-2: Foul Ball, location: 2F 3-2: Base on Balls Matt Stewart to third Jeff Shields to second
|
|
Pitching: RHP Miguel Perez
|
|
|
Pinch Hitting: SHB Jon Odle
|
0-0: Ball 1-0: Ball Wild Pitch! Matt Stewart scores Jeff Shields to third Bart Hall to second 2-0: Ball 3-0: Called Strike 3-1: Called Strike 3-2: Base on Balls
|
|
Batting: RHB J.R. Harvey
|
0-0: Grounds into fielders choice 5-2 (Groundball, 56S, EV 86.9 MPH) Bart Hall to third Jon Odle to second
|
|
Batting: RHB Juan Nieves
|
0-0: Called Strike 0-1: Ball 1-1: Ball 2-1: Ball 3-1: Base on Balls Bart Hall scores Jon Odle to third J.R. Harvey to second
|
|
Batting: LHB Brian Clayton
|
0-0: Foul Ball, location: 2F 0-1: Ball 1-1: Foul Ball, location: 2F 1-2: Foul Ball, location: 2F 1-2: Ball 2-2: Foul Ball, location: 2F 2-2: Ball 3-2: SINGLE (Flyball, 8RS, EV 91.2 MPH) Jon Odle scores J.R. Harvey to third Juan Nieves to second J.R. Harvey scores Juan Nieves to third
|
|
Batting: LHB Hastings Miller
|
0-0: Foul Ball, location: 2F 0-1: Swinging Strike 0-2: Foul Ball, location: 2F 0-2: Ball 1-2: Fielders Choice at 2nd, 5-4 (Groundball, 56, EV 80.6 MPH)
|
| Top of the 9th over - 4 runs, 1 hit, 0 errors, 2 left on base; Florida State University 5 - University of Conneticut 1 |
| BOTTOM OF THE 9TH |
|
University of Conneticut Huskies batting - Pitching for Florida State University Seminoles : RHP Danny Weiss
|
|
Pitching: LHP Nick Linkletter
|
|
|
Now at 2B: Ed Vilches
|
|
|
Now at 3B: Randy Bartlett
|
|
|
Now in LF: Bill Christiansen
|
|
|
Now in RF: Washichi Goto
|
|
|
Batting: SHB Ismael Vega
|
0-0: Ball 1-0: Foul Ball, location: 2F 1-1: Called Strike 1-2: Ground out 5-3 (Groundball, 5L, EV 81.2 MPH)
|
|
Pinch Hitting: RHB Paul Pastrano
|
0-0: Ground out 6-3 (Groundball, 6, EV 87.5 MPH)
|
|
Batting: RHB Kyle Finney
|
0-0: Ball 1-0: Called Strike 1-1: Ball 2-1: Fly out, F7 (Flyball, 7, EV 92.5 MPH)
|
| Bottom of the 9th over - 0 runs, 0 hits, 0 errors, 0 left on base; Florida State University 5 - University of Conneticut 1 |
|